 Dungeon Crawl Stone Soup version 0.25-a0-930-g9f5dfa9815 (webtiles) character file.

Game seed: 10191884633715764583, levelgen mode: deterministic

266174 Esekla the Carver (level 20, -17/151 HPs)
             Began as a Formicid Conjurer on May 2, 2020.
             Was the Champion of Qazlal.
             Demolished by Cigotuvi's Monster (20 damage)
             ... in a wizard's laboratory on May 3, 2020.
             The game lasted 09:31:54 (45127 turns).

Esekla the Carver (Formicid Conjurer)              Turns: 45127, Time: 09:31:54

Health: -17/151    AC: 35    Str: 20    XL:     20   Next: 92%
Magic:  26/36      EV: 17    Int: 26    God:    Qazlal [******]
Gold:   1495       SH: 21    Dex: 19    Spells: 1/43 levels left

rFire    + + .     SeeInvis +   Y - +12 demon trident of Tortfeasance {vamp, Str+4 Int+2}
rCold    . . .     Gourm    .   x - +3 buckler
rNeg     . . .     Faith    .   M - +4 troll leather armour
rPois    .         Spirit   .   (helmet unavailable)
rElec    .         Reflect  +   d - +0 cloak
rCorr    .         Harm     .   B - +2 pair of gloves
MR       +++..                  H - +2 pair of boots
Stlth    +.........             r - amulet "Socouj" {Reflect Fragile rF++ Dex+3 SH+2}
HPRegen  0.75/turn              F - ring "Soawus" {MR+ Int+4 Dex+4}
MPRegen  0.25/turn              E - +5 ring of protection

@: icy armour, singing, protected from physical damage, constricted, repel
missiles
A: permanent stasis, dig shafts and tunnels, four strong arms, antennae 3,
repulsion field 1, sense surroundings 1, wild magic 1
}: 2/15 runes: decaying, gossamer
a: Dig, Shaft Self, Upheaval, Elemental Force, Disaster Area, Renounce Religion


You were in a wizard's laboratory.
You worshipped Qazlal.
Qazlal was exalted by your worship.
You were not hungry.

You visited 8 branches of the dungeon, and saw 35 of its levels.
You also visited: Sewer and Wizlab.

You collected 5291 gold pieces.
You spent 3796 gold pieces at shops.

Inventory:

Hand Weapons
 f - the +5 scythe "Finisher" {speed, eviscerate}
   (You found it on level 11 of the Dungeon)

   Attacks with this weapon are significantly faster.
 m - the +10 broad axe of Moczeag {vamp, *Drain rPois rC- Int+9}
   (You took it off an orc warlord on level 14 of the Dungeon)

   It inflicts no extra harm, but heals its wielder when it wounds a living foe.
   It affects your intelligence (+9).
   It makes you vulnerable to cold.
   It protects you from poison.
   It causes draining when unequipped.
 p - a +9 vampiric double sword
 v - a +6 trident of venom
 D - a +4 falchion of venom
 I - a +3 scimitar of flaming
 Y - the +12 demon trident of Tortfeasance (weapon) {vamp, Str+4 Int+2}
   (You took it off an orc knight on level 14 of the Dungeon)

   It inflicts no extra harm, but heals its wielder when it wounds a living foe.
   It affects your strength (+4).
   It affects your intelligence (+2).
Missiles
 b - 5 silver boomerangs (quivered)
 o - 92 poisoned darts
 w - 21 javelins
 A - 7 curare-tipped darts
Armour
 d - a +0 cloak (worn)
 x - a +3 buckler (worn)
 B - a +2 pair of gloves (worn)
 H - a +2 pair of boots (worn)
 J - the +2 pair of boots "Vulot" {rC+++ Str-4 Int+6 Dex-2}
   (You bought it in a shop on level 2 of the Orcish Mines)

   It affects your strength (-4).
   It affects your intelligence (+6).
   It affects your dexterity (-2).
   It renders you almost immune to cold.
 M - a +4 troll leather armour (worn)
 P - +0 storm dragon scales
Jewellery
 k - the ring "Cebiz" {+Fly rF+ rN+ Str+4 Slay-2}
   (You took it off a spriggan druid on level 4 of the Swamp)

   [ring of flight]

   It affects your strength (+4).
   It affects your accuracy and damage with ranged weapons and melee attacks
   (-2).
   It protects you from fire.
   It protects you from negative energy.
   It lets you fly.
 q - an uncursed ring of ice
 r - the amulet "Socouj" (around neck) {Reflect Fragile rF++ Dex+3 SH+2}
   (You bought it in a shop on level 12 of the Dungeon)

   [amulet of reflection]

   It shields you and reflects attacks.
   It affects your dexterity (+3).
   It greatly protects you from fire.
   It will be destroyed if unequipped.
   It affects your SH (+2).
 E - a +5 ring of protection (right hand)
 F - the ring "Soawus" (left hand) {MR+ Int+4 Dex+4}
   (You bought it in a shop on level 12 of the Dungeon)

   [ring of protection from magic]

   It affects your intelligence (+4).
   It affects your dexterity (+4).
   It affects your resistance to hostile enchantments.
 N - the ring "Ymuz" {+Fly Str+4, unknown}
   (You found it in a wizard's laboratory)

   [ring of flight]

   It affects your strength (+4).
   It lets you fly.
Wands
 a - a wand of paralysis (30)
 u - a wand of iceblast (37)
 G - a wand of flame (95)
 K - a wand of polymorph (13)
 L - a wand of disintegration (6)
 T - a wand of digging (13)
Scrolls
 e - 3 scrolls of fear
 g - 16 scrolls of remove curse
 j - 5 scrolls of amnesia
 l - a scroll of holy word
 t - 6 scrolls of fog
 y - 3 scrolls of magic mapping
 Q - a scroll of enchant armour
 U - 3 scrolls of vulnerability
 W - 3 scrolls of silence
 Z - 14 scrolls of identify
Potions
 h - 3 potions of curing
 i - 7 potions of lignification
 s - 2 potions of ambrosia
 z - 3 potions of might
 C - 2 potions of cancellation
 O - 5 potions of brilliance
 R - 15 potions of mutation
 S - 3 potions of invisibility
 V - 4 potions of flight
 X - 4 potions of resistance
Miscellaneous
 n - a lightning rod (4/4)
Comestibles
 c - 70 rations


   Skills:
 + Level 11.4 Fighting
   Level 0.8(9.3) Short Blades
 * Level 14.0 Long Blades
 + Level 3.7(9.5) Axes
 + Level 13.1(13.3) Polearms
 - Level 4.1 Throwing
 + Level 6.8 Armour
 + Level 8.2 Dodging
 - Level 2.4 Stealth
 + Level 12.6 Shields
 * Level 12.2 Spellcasting
 * Level 5.9 Conjurations
 + Level 6.2 Hexes
 + Level 7.3 Charms
 + Level 8.2 Summonings
 + Level 4.8 Translocations
 * Level 0.3 Transmutations
 * Level 4.6 Fire Magic
 + Level 7.1 Ice Magic
 + Level 7.5 Air Magic
 + Level 11.0 Poison Magic
 + Level 3.0 Invocations
 * Level 4.7 Evocations


You had one spell level left.
You knew the following spells:

 Your Spells              Type           Power        Failure   Level  Hunger
a - Apportation           Tloc           ######       1%          1    None
b - Magic Dart            Conj           ####         1%          1    None
c - Mephitic Cloud        Conj/Pois/Air  ######..     1%          3    None
d - Dazzling Flash        Conj/Hex       ######       2%          3    None
e - Searing Ray           Conj           ######       1%          2    None
f - Conjure Flame         Conj/Fire      ######..     2%          3    None
g - Freezing Cloud        Conj/Ice/Air   ######....   45%         6    #####..
l - Summon Lightning Spi  Summ/Air       ######..     3%          4    None
r - Irradiate             Conj/Tmut      #####.....   41%         5    ###....
s - Song of Slaying       Chrm           ######..     1%          2    None
t - Tukima's Dance        Hex            ######..     2%          3    None
v - Poisonous Vapours     Pois/Air       ######       1%          2    None
x - Olgreb's Toxic Radia  Pois           #######.     1%          4    None
z - Ozocubu's Armour      Chrm/Ice       ######..     1%          3    None

Your spell library contained the following spells:

 Spells                   Type           Power        Failure   Level  Hunger
 Corona                   Hex            ######.      1%          1    None
 Foxfire                  Conj/Fire      ####         1%          1    None
 Freeze                   Ice            ####         1%          1    None
 Infusion                 Chrm           ####         1%          1    None
 Sting                    Tmut/Pois      ####         1%          1    None
 Summon Butterflies       Summ           ######..     1%          1    None
 Summon Small Mammal      Summ           ####         1%          1    None
 Animate Skeleton         Necr           N/A          7%          1    None
 Pain                     Necr           ###.         7%          1    None
 Call Imp                 Summ           ######..     1%          2    None
 Ensorcelled Hibernation  Hex/Ice        ######       1%          2    None
 Shroud of Golubria       Chrm/Tloc      ######       1%          2    None
 Slow                     Hex            ######..     1%          2    None
 Call Canine Familiar     Summ           ######..     1%          3    None
 Spectral Weapon          Hex/Chrm       ######..     1%          3    None
 Static Discharge         Conj/Air       ######..     1%          3    None
 Summon Guardian Golem    Hex/Summ       ######..     1%          3    None
 Ignite Poison            Fire/Tmut/Pois ######..     2%          3    None
 Inner Flame              Hex/Fire       ######..     2%          3    None
 Portal Projectile        Hex/Tloc       ######       2%          3    None
 Lesser Beckoning         Tloc           ######....   3%          3    None
 Summon Ice Beast         Ice/Summ       ######..     3%          4    None
 Cause Fear               Hex            ######....   5%          4    None
 Fulminant Prism          Conj/Hex       ######....   6%          4    None
 Iskenderun's Mystic Bla  Conj/Tloc      ######..     8%          4    None
 Passwall                 Tmut/Erth      ###.....     10%         2    None
 Silence                  Hex/Air        ######....   11%         5    ###....
 Iskenderun's Battlesphe  Conj/Chrm      ######..     12%         5    ###....
 Metabolic Englaciation   Hex/Ice        ######....   12%         5    ###....
 Ice Form                 Ice/Tmut       #####...     13%         4    None
 Leda's Liquefaction      Hex/Erth       #####.....   17%         4    None
 Alistair's Intoxication  Tmut/Pois      ######..     17%         5    ###....
 Fireball                 Conj/Fire      ######....   19%         5    ###....
 Shadow Creatures         Summ           N/A          30%         6    #####..
 Excruciating Wounds      Chrm/Necr      #####.....   34%         5    ###....
 Ozocubu's Refrigeration  Ice            ######....   43%         6    #####..
 Petrify                  Tmut/Erth      ###.....     45%         4    None
 Darkness                 Hex            ######....   54%         6    #####..
 Invisibility             Hex            ######..     54%         6    #####..
 Starburst                Conj/Fire      ######....   67%         6    #####..
 Agony                    Necr           ###.....     82%         5    ###....
 Borgnjor's Vile Clutch   Necr/Erth      ###.......   82%         5    ###....
 Simulacrum               Ice/Necr       #####.....   88%         6    #####..
 Spellforged Servitor     Conj/Summ      ######....   93%         7    ######.
 Ring of Flames           Chrm/Fire      ######....   98%         7    ######.
 Hydra Form               Tmut           ###.......   100%        6    #####..
 Statue Form              Tmut/Erth      ###......    100%        6    #####..
 Dragon Form              Tmut           ###.......   100%        7    ######.
 Ignition                 Fire           ######....   100%        8    #######
 Blink                    Tloc           Unusable     N/A         2    N/A

Dungeon Overview and Level Annotations

Branches:
Dungeon (15/15)            Temple (1/1) D:4            Lair (6/6) D:10
  Swamp (4/4) Lair:4       Spider (4/4) Lair:3        Slime (0/5) Lair:5
    Orc (2/2) D:10            Elf (1/3) Orc:2        Vaults (2/5) D:14
 Depths (0/5) D:15          Sewer (visited)          WizLab (1/1)
  Crypt: Vaults:2-3

Altars:
Ashenzari
Cheibriados
Dithmenos
Elyvilon
Fedhas
Gozag
Hepliaklqana
Kikubaaqudgha
Makhleb
Nemelex Xobeh
Okawaru
Qazlal
Ru
Sif Muna
Trog
Uskayaw
Vehumet
Wu Jian
Xom
Yredelemnul
Zin
The Shining One
Beogh
Jiyva

Shops:
D:12 ?[=}?   D:15 %   Orc:2 :[(*

Annotations:
Lair:4 1 runed translucent door, Oseuty Gilid's ghost, journeyman TrMo
Lair:5 3 runed translucent doors, exclusion: oklob plant, Libboc's ghost, journeyman DEFE
Swamp:1 1 runed translucent door, Boczoxzokh's ghost, journeyman DDFi
Spider:2 1 runed translucent door, Muajuic's ghost, adept DsFi


Innate Abilities, Weirdness & Mutations

You cannot be hasted, slowed, berserked, paralysed or teleported.
You can dig through walls and to a lower floor.
Your four strong arms can wield two-handed weapons with a shield.
You have a pair of large antennae on your head. (SInv)
You are surrounded by a mild repulsion field. (EV +2)
You passively map a small area around you.
Your spells are a little harder to cast, but a little more powerful.


Message History

Your lightning spire is destroyed!
You block the large abomination's attack.
You hit Cigotuvi's Monster.
Cigotuvi's Monster is almost dead.
Cigotuvi's Monster hits you! Cigotuvi's Monster tramples you!!
You hold your ground!
You block Cigotuvi's Monster's attack.
* * * LOW HITPOINT WARNING * * *
Cigotuvi's Monster constricts you!
Okay, then.
Unknown command.
You barely miss Cigotuvi's Monster.
Cigotuvi's Monster is almost dead.
The large abomination is engulfed in freezing vapours.
The large abomination hits you!!
* * * LOW HITPOINT WARNING * * *
Cigotuvi's Monster hits you!
* * * LOW HITPOINT WARNING * * *
You feel more protected from physical attacks.
You block Cigotuvi's Monster's attack. Cigotuvi's Monster barely misses you.
You die...

......#§§##*#..{ #...##
#.....#§######'# ####...#
####'####{.##...###......#
.##...#e{...#.........####
.x#...#p....####...######
xu#...#..###* ##'#####.##
..#...#.#### #...#....#
####†####{.# ##X..'....#
#o#†..##{{.§* #@..##....#
.p#...#uu.§§{* #Hu####..##
..#...#uu§§. #X.# ####
..#...##.§.. * #..#** {{*
####'####§§# *#'## ,
{##...######{**..., ,
{.#...#{.....*#.... ,
..#...#{..... #.....
..#...#.....# .......


You could see a red very ugly thing, Cigotuvi's Monster and 2 large
abominations.

Vanquished Creatures
  Nikola (Swamp:3)
  Frances (Swamp:1)
  6 thorn hunters
  A sphinx (D:11)
  A storm dragon (D:10)
  Agnes (D:15)
  5 ghost moths (Spider:4)
  2 deep elf sorcerers
  2 orc warlords
  5 emperor scorpions
  4 very ugly things (WizLab)
  3 ironheart preservers
  A stone giant (Vaults:2)
  The ghost of Arphuebamu the Grappler, a journeyman TrTm of Cheibriados (D:14)
  A vampire knight (Swamp:4)
  An entropy weaver (Spider:2)
  Azrael (Spider:1)
  Nessos (Orc:2)
  2 spark wasps (Spider:4)
  An ettin (D:11)
  An ettin (shapeshifter) (Elf:1)
  Josephine (Lair:4)
  3 fire dragons
  2 yaktaur captains (Vaults:2)
  An ice dragon (Vaults:1)
  11 hydras
  A rakshasa (Vaults:1)
  2 great orbs of eyes (Vaults:1)
  3 ghost crabs
  A hydra (shapeshifter) (WizLab)
  5 shambling mangroves
  An anaconda (shapeshifter) (WizLab)
  12 two-headed ogres
  An anaconda (Lair:5)
  2 centaur warriors
  A catoblepas (Lair:6)
  20 alligators
  7 death yaks (Lair:5)
  7 dancing weapons (Elf:1)
  2 ogre magi
  A tengu warrior (D:14)
  An orc high priest (Orc:2)
  A deep troll earth mage (Vaults:1)
  Nergalle (Lair:4)
  Sonja (D:11)
  An iron golem (WizLab)
  5 deep elf knights
  A skeletal warrior (D:11)
  Urug (Lair:5)
  8 spriggans
  A fire crab (Lair:5)
  2 death drakes (shapeshifter)
  4 deep trolls
  2 glowing orange brains (shapeshifter)
  9 swamp dragons
  A glowing orange brain (Vaults:1)
  3 spriggan druids
  5 wizards
  A spectral hydra (Swamp:4)
  A harpy (shapeshifter) (WizLab)
  2 ironbrand convokers (Vaults:1)
  A lindwurm (Lair:6)
  2 flayed ghosts (Swamp:4)
  A phantasmal warrior (Swamp:3)
  4 deep elf archers (Elf:1)
  An unseen horror (D:15)
  27 deep elf magi
  7 orc knights
  A necromancer (D:15)
  26 wolf spiders
  2 oklob plants (Swamp:4)
  3 manticores
  A manticore (shapeshifter) (WizLab)
  An orb spider (shapeshifter) (WizLab)
  3 orc sorcerers
  5 cyclopes
  11 orb spiders
  16 ugly things
  2 moths of wrath
  8 black mambas
  An eye of devastation (shapeshifter) (WizLab)
  A naga mage (D:15)
  A vault sentinel (Vaults:2)
  3 molten gargoyles (Lair:6)
  A black mamba (shapeshifter) (WizLab)
  4 torpor snails
  4 centaur skeletons
  Psyche (D:8)
  2 rime drakes (shapeshifter)
  2 kobold demonologists (D:8)
  22 spiny frogs
  2 rime drakes (Lair:1)
  Maggie (Lair:2)
  15 demonic crawlers
  17 komodo dragons
  A freezing wraith (Vaults:1)
  A yaktaur (shapeshifter) (D:15)
  An efreet (D:14)
  A komodo dragon (shapeshifter) (Vaults:1)
  A tengu conjurer (D:11)
  2 death drake zombies (Swamp:4)
  A jumping spider (shapeshifter) (WizLab)
  4 hydra zombies (Swamp:4)
  3 polar bears
  A queen bee (shapeshifter) (WizLab)
  12 trolls
  A queen bee (Lair:1)
  22 jumping spiders
  2 meliai (shapeshifter)
  14 tyrant leeches
  Prince Ribbit (D:7)
  17 hornets
  30 slime creatures
  2 hydra skeletons (Swamp:4)
  3 bog bodies
  A raiju (shapeshifter) (WizLab)
  2 hornets (shapeshifter) (WizLab)
  6 small abominations (WizLab)
  11 blink frogs
  2 hippogriffs (shapeshifter)
  A dream sheep (shapeshifter) (WizLab)
  7 dream sheep
  2 death drake skeletons (Swamp:4)
  11 hippogriffs
  An air elemental (Elf:1)
  3 vampires
  A centaur simulacrum (D:15)
  82 redbacks
  48 yaks
  2 shadows
  A water elemental (Elf:1)
  5 wraiths
  3 wyverns
  21 tarantellas
  4 humans (Lair:5)
  2 large abominations (WizLab)
  A hog (shapeshifter) (WizLab)
  7 basilisks
  5 fire elementals
  19 vampire mosquitoes
  A steam dragon (Lair:6)
  A golden eye (shapeshifter) (WizLab)
  Grum (D:10)
  4 wargs
  A hungry ghost (D:10)
  13 insubstantial wisps
  4 soldier ants
  9 swamp worms
  4 floating eyes (WizLab)
  6 hell hounds
  4 hydra simulacra (Swamp:4)
  7 porcupines
  9 swamp drakes
  A nameless horror (D:10)
  A water moccasin (shapeshifter) (WizLab)
  3 black bears
  A swamp dragon zombie (Swamp:4)
  14 water moccasins
  2 ice beasts
  3 sky beasts
  26 orc warriors
  An ettin simulacrum (Vaults:1)
  A boggart (Vaults:2)
  A phantom (D:9)
  A necrophage (D:13)
  A wolf (shapeshifter) (WizLab)
  7 centaurs
  A crocodile (shapeshifter) (WizLab)
  8 crocodiles
  19 wolves
  15 ogres
  A big kobold (shapeshifter) (WizLab)
  4 big kobolds
  20 bullfrogs
  A gnoll sergeant (D:4)
  2 wyvern skeletons
  6 scorpions
  24 killer bees
  5 howler monkeys
  2 electric eels
  12 crimson imps
  9 centaur zombies
  5 lava snakes (Lair:6)
  A quasit (D:8)
  3 jellies
  18 orc priests
  2 bullfrog skeletons
  11 hounds
  27 orc wizards
  Crazy Yiuf (D:4)
  6 iguanas
  An iron imp (D:11)
  15 worker ants
  A killer bee zombie (D:9)
  A hound zombie (D:5)
  A howler monkey zombie (D:11)
  A worker ant zombie (D:8)
  5 gnolls
  17 adders
  A howler monkey skeleton (D:5)
  A river rat (shapeshifter) (WizLab)
  4 river rats (Sewer)
  5 shadow imps
  A white imp (D:11)
  2 oozes (D:3)
  6 adder skeletons
  A worm (shapeshifter) (WizLab)
  4 worms
  A dart slug (D:1)
  8 leopard geckos
  72 orcs
  6 bats
  5 giant cockroaches
  4 goblins
  2 hobgoblins
  6 jackals
  30 kobolds
  5 quokkas
  7 ball pythons
  5 frilled lizards
  A jackal skeleton (D:6)
  A leopard gecko skeleton (D:4)
  A quokka skeleton (D:5)
  A quokka zombie (D:5)
  23 rats
  A fungus (Lair:1)
1320 creatures vanquished.

Vanquished Creatures (collateral kills)
  An ironheart preserver (Vaults:2)
  A vampire knight (Swamp:4)
  A hydra (D:15)
  A spriggan druid (Swamp:4)
  3 orb spiders
  An oklob plant (Swamp:4)
  A wolf spider (Spider:2)
  A shining eye (shapeshifter) (WizLab)
  A moth of wrath (D:14)
  2 large abominations (WizLab)
  2 spiny frogs
  2 jumping spiders (Spider:2)
  4 hornets
  A death drake zombie (Swamp:4)
  3 dream sheep (Lair:6)
  7 slime creatures
  2 tarantellas
  A redback (Spider:4)
  A spriggan (Swamp:3)
  A yak (D:12)
  A vampire mosquito (Swamp:1)
  A swamp worm (Swamp:2)
  A hydra simulacrum (Swamp:4)
  An acid dragon (Vaults:1)
  2 hell hounds (Lair:6)
  A water moccasin (shapeshifter) (WizLab)
  2 swamp drakes
  2 centaurs (D:12)
48 creatures vanquished.

Vanquished Creatures (others)
  A centaur warrior (D:15)
  A deep elf archer (Elf:1)
  A komodo dragon (Swamp:3)
  A tyrant leech (Swamp:4)
  A slime creature (D:14)
  A bog body (Swamp:4)
  A dancing weapon (D:11)
  A human (Lair:5)
  8 insubstantial wisps (Swamp:4)
  A swamp worm (Swamp:2)
  A centaur (D:14)
  An orc wizard (D:11)
  An orc (D:11)
  5 fungi
  23 plants
  2 withered plants (Swamp:1)
50 creatures vanquished.

Grand Total: 1418 creatures vanquished

Notes
Turn   | Place    | Note
-------+----------+-------------------------------------------
     0 | D:1      | Esekla the Formicid Conjurer began the quest for the Orb.
     0 | D:1      | Reached XP level 1. HP: 13/13 MP: 3/3
   233 | D:2      | Reached skill level 1 in Armour
   233 | D:2      | Reached XP level 2. HP: 14/20 MP: 0/5
   260 | D:2      | Learned a level 2 spell: Searing Ray
   437 | D:3      | Reached skill level 1 in Fighting
   437 | D:3      | Reached XP level 3. HP: 25/26 MP: 1/6
   745 | D:5      | Entered Level 5 of the Dungeon
   789 | D:6      | Found a glowing drain.
  1112 | Sewer    | Entered a sewer
  1452 | Sewer    | Reached XP level 4. HP: 32/32 MP: 4/7
  2085 | Sewer    | Reached XP level 5. HP: 38/38 MP: 4/8
  2379 | Sewer    | Noticed a big kobold
  2399 | Sewer    | Gained mutation: Your spells are a little harder to cast,
                  | but a little more powerful. [potion of mutation]
  2399 | Sewer    | Gained mutation: You are surrounded by a mild repulsion
                  | field. (EV +2) [potion of mutation]
  2399 | Sewer    | Gained mutation: You passively map a small area around you.
                  | [potion of mutation]
  2468 | Sewer    | Killed a big kobold
  2468 | Sewer    | Reached XP level 6. HP: 13/44 MP: 5/10
  2474 | Sewer    | Got a faintly glowing robe
  2502 | Sewer    | Identified the cursed +1 robe of Ycecvuj {Str+6} (You found
                  | it in a sewer)
  3134 | D:5      | Noticed a sky beast
  3182 | D:5      | Reached skill level 1 in Long Blades
  3425 | D:5      | Learned a level 3 spell: Dazzling Flash
  3517 | D:4      | Found a runed translucent door.
  3518 | D:4      | Noticed Crazy Yiuf
  3550 | D:4      | Reached XP level 7. HP: 44/51 MP: 6/11
  3759 | D:4      | Found a hazy altar of Hepliaklqana.
  3989 | D:4      | Found a staircase to the Ecumenical Temple.
  4219 | D:5      | You fall into a shaft and drop 2 floors!
  4227 | D:7      | Reached skill level 1 in Hexes
  4329 | D:7      | Found an ancient bone altar of Kikubaaqudgha.
  4525 | Temple   | Entered the Ecumenical Temple
  4608 | Temple   | Became a worshipper of Qazlal Stormbringer
  5440 | D:3      | Reached skill level 1 in Shields
  5831 | D:1      | Reached * piety under Qazlal
  6513 | D:3      | Reached skill level 2 in Long Blades
  6746 | D:4      | Reached skill level 1 in Throwing
  7023 | D:4      | Reached XP level 8. HP: 58/58 MP: 13/13
  7080 | D:4      | Reached skill level 1 in Polearms
  7351 | D:4      | Killed Crazy Yiuf
  7351 | D:4      | Reached skill level 3 in Long Blades
  7638 | D:5      | Found a sparkling altar of Nemelex Xobeh.
  7731 | D:5      | Reached ** piety under Qazlal
  7908 | D:5      | Reached XP level 9. HP: 54/65 MP: 15/15
  8604 | D:6      | Reached skill level 5 in Conjurations
  8738 | D:6      | Noticed a two-headed ogre
  8760 | D:6      | Killed a two-headed ogre
  8760 | D:6      | Reached skill level 4 in Long Blades
  8760 | D:6      | Reached skill level 5 in Polearms
  8852 | D:6      | Learned a level 1 spell: Apportation
  9061 | D:7      | Reached XP level 10. HP: 73/73 MP: 17/17
  9159 | D:7      | Reached skill level 5 in Spellcasting
  9215 | D:7      | Noticed Prince Ribbit
  9226 | D:7      | Killed Prince Ribbit
  9360 | D:7      | Found a hide-covered altar of Uskayaw.
  9366 | D:7      | Found a snail-covered altar of Cheibriados.
  9368 | D:7      | Found a basalt altar of Yredelemnul.
  9463 | D:7      | Reached skill level 5 in Shields
  9512 | D:8      | Reached skill level 1 in Translocations
  9518 | D:8      | Reached *** piety under Qazlal
  9589 | D:8      | Learned a level 4 spell: Summon Lightning Spire
  9835 | D:8      | Reached skill level 5 in Fighting
  9992 | D:8      | HP: 2/74 [troll (7)]
  9994 | D:8      | You fall into a shaft and drop 2 floors!
  9994 | D:10     | Entered Level 10 of the Dungeon
 10072 | D:10     | Found a staircase to the Orcish Mines.
 10148 | D:10     | Reached skill level 1 in Summonings
 10215 | D:10     | Reached skill level 1 in Air Magic
 10311 | D:10     | Identified the cursed +1 robe of the Queen {Str+4}
 10417 | D:10     | Reached XP level 11. HP: 73/80 MP: 9/19
 10435 | D:10     | Reached skill level 5 in Hexes
 10516 | D:10     | Found a staircase to the Lair.
 10563 | Lair:1   | Entered Level 1 of the Lair of Beasts
 10578 | D:9      | Noticed a two-headed ogre
 10714 | D:8      | Reached skill level 5 in Long Blades
 11025 | D:9      | Reached **** piety under Qazlal
 11264 | D:10     | Noticed Grum
 11278 | D:10     | Killed Grum
 11522 | D:10     | Learned a level 3 spell: Tukima's Dance
 12970 | D:9      | Killed a two-headed ogre
 12970 | D:9      | Reached XP level 12. HP: 37/88 MP: 21/21
 13684 | D:8      | Reached ***** piety under Qazlal
 14008 | D:8      | Noticed Psyche
 14013 | D:8      | Killed Psyche
 14059 | D:8      | Found a sparkling altar of Nemelex Xobeh.
 14059 | D:8      | Found a shimmering altar of Xom.
 14202 | D:11     | Reached skill level 6 in Long Blades
 14374 | D:11     | Noticed Sonja
 14391 | D:11     | Noticed a sphinx
 14722 | D:11     | Killed Sonja
 15085 | D:11     | Noticed an ogre mage
 15095 | D:11     | Killed a sphinx
 15100 | D:11     | Killed an ogre mage
 15223 | D:11     | Noticed a storm dragon
 15266 | D:10     | Killed a storm dragon
 15266 | D:10     | Reached skill level 5 in Dodging
 15266 | D:10     | Reached XP level 13. HP: 25/95 MP: 21/23
 15384 | Orc:1    | Entered Level 1 of the Orcish Mines
 15622 | Orc:1    | Noticed an ettin
 15904 | D:11     | Killed an ettin
 15989 | D:11     | Reached skill level 10 in Polearms
 16157 | D:11     | Reached skill level 7 in Long Blades
 16352 | D:11     | Reached skill level 5 in Summonings
 16975 | Orc:2    | Entered Level 2 of the Orcish Mines
 17064 | Orc:2    | Noticed an orc warlord
 17231 | Orc:2    | Found a staircase to the Elven Halls.
 17261 | Orc:2    | Noticed Nessos
 17267 | Orc:2    | Reached ****** piety under Qazlal
 17709 | Orc:2    | Reached skill level 5 in Armour
 17875 | Orc:2    | Killed an orc warlord
 17918 | Orc:2    | Killed Nessos
 18024 | Orc:2    | Reached XP level 14. HP: 104/104 MP: 24/24
 18082 | Orc:2    | Found a roughly hewn altar of Beogh.
 18210 | Orc:2    | Found Felan's General Store.
 18225 | Orc:2    | Found Pampaett's Antique Weapon Shoppe.
 18245 | Orc:2    | Found Zuxok's Book Shoppe.
 18267 | Orc:2    | Found Ruont's Antique Armour Shoppe.
 18290 | Orc:2    | Bought a Young Poisoner's Handbook for 520 gold pieces
 18295 | Orc:2    | Learned a level 4 spell: Olgreb's Toxic Radiance
 18299 | Orc:2    | Learned a level 3 spell: Mephitic Cloud
 18302 | Orc:2    | Learned a level 2 spell: Poisonous Vapours
 18512 | Orc:2    | Bought a jewelled hand axe for 256 gold pieces
 18512 | Orc:2    | Identified the +6 hand axe of Honesty {vorpal, Fragile
                  | rN+++ Dex+6} (You bought it in a shop on level 2 of the
                  | Orcish Mines)
 18533 | Orc:2    | Bought the +2 pair of boots "Vulot" {rC+++ Str-4 Int+6
                  | Dex-2} for 791 gold pieces
 19101 | Lair:1   | Reached skill level 1 in Poison Magic
 19241 | Lair:1   | Found a glowing silver altar of Zin.
 19397 | Lair:2   | Noticed Maggie
 19415 | Lair:2   | Killed Maggie
 20075 | Lair:2   | Learned a level 2 spell: Song of Slaying
 20303 | Lair:3   | Got a brightly glowing long sword
 20326 | Lair:2   | Identified the +9 long sword of Exquisite Death {drain,
                  | Str+3 Stlth+} (You found it on level 3 of the Lair of
                  | Beasts)
 20350 | Lair:1   | Reached skill level 1 in Charms
 21191 | Lair:3   | Found a hole to the Spider Nest.
 21923 | Lair:4   | Noticed Nergalle
 21945 | Lair:4   | Killed Nergalle
 22002 | Lair:4   | Found a staircase to the Swamp.
 22132 | Lair:4   | Found a runed translucent door.
 22133 | Lair:4   | Noticed Oseuty Gilid's ghost (journeyman TrMo)
 22322 | Lair:4   | Noticed Josephine
 22341 | Lair:4   | Killed Josephine
 22341 | Lair:4   | Reached skill level 5 in Air Magic
 22731 | Lair:5   | Reached XP level 15. HP: 112/112 MP: 24/27
 22739 | Lair:5   | Noticed Urug
 22749 | Lair:5   | Killed Urug
 23005 | Lair:5   | Identified a scroll of acquirement
 23005 | Lair:5   | Identified the +8 tower shield of Anuom {rC++ MR+} (You
                  | acquired it on level 5 of the Lair of Beasts)
 23269 | Lair:5   | Learned a level 3 spell: Ozocubu's Armour
 23401 | Lair:5   | Found a staircase to the Slime Pits.
 23463 | Lair:5   | Found a runed translucent gate.
 23464 | Lair:5   | Found a runed translucent gate.
 23465 | Lair:5   | Found a runed translucent gate.
 23465 | Lair:5   | Noticed Libboc's ghost (journeyman DEFE)
 23615 | Lair:5   | Found a viscous altar of Jiyva.
 23638 | Lair:5   | Reached skill level 8 in Long Blades
 24156 | Lair:6   | Entered Level 6 of the Lair of Beasts
 24258 | Lair:6   | Reached skill level 1 in Ice Magic
 24258 | Lair:6   | Reached skill level 9 in Long Blades
 24455 | Lair:6   | Reached skill level 5 in Poison Magic
 24817 | Lair:6   | Found a large runed translucent door.
 24959 | Lair:6   | Found a large runed translucent door.
 25826 | Orc:2    | Bought a scroll of identify for 28 gold pieces
 25952 | D:11     | Identified Sif Muna's Reference Book on Icy Attacks
 26654 | D:12     | Found Cimott's Magic Scroll Emporium.
 26670 | D:12     | Bought a scroll of enchant armour for 135 gold pieces
 26670 | D:12     | Bought a scroll of identify for 36 gold pieces
 26670 | D:12     | Bought a scroll of identify for 36 gold pieces
 26689 | D:12     | Reached XP level 16. HP: 120/120 MP: 28/28
 26813 | D:12     | Found Qolouriz's Armour Emporium.
 26836 | D:12     | Found Qugiy's Jewellery Shop.
 26861 | D:12     | Found Judemimo's Gadget Shop.
 26865 | D:12     | Found Cetzylimn's Magic Scroll Boutique.
 27114 | D:12     | Bought a +5 ring of protection for 770 gold pieces
 27114 | D:12     | Bought the amulet "Socouj" {Reflect Fragile rF++ Dex+3
                  | SH+2} for 457 gold pieces
 27132 | D:12     | Bought the ring "Soawus" {MR+ Int+4 Dex+4} for 683 gold
                  | pieces
 28224 | D:14     | Found a transporter.
 28224 | D:14     | Identified the +4 morningstar "Boner" {freeze, *Contam rN+
                  | Int+2 Dex+2}
 28227 | D:14     | Found a bloodstained altar of Trog.
 28227 | D:14     | Noticed Arphuebamu's ghost (journeyman TrTm)
 28235 | D:14     | Identified the +10 broad axe of Moczeag {vamp, *Drain rPois
                  | rC- Int+9}
 28236 | D:14     | Identified the +12 demon trident of Tortfeasance {vamp,
                  | Str+4 Int+2}
 28242 | D:14     | Found a transporter.
 28259 | D:14     | Reached skill level 10 in Long Blades
 28425 | D:14     | Found a gate to the Vaults.
 28597 | D:14     | You fall into a shaft and drop 1 floor!
 28597 | D:15     | Entered Level 15 of the Dungeon
 28881 | D:15     | Noticed Agnes
 28890 | D:15     | Killed Agnes
 29158 | D:15     | Found Dofaik's Food Shop.
 29549 | D:15     | Found a staircase to the Depths.
 29987 | D:14     | Reached skill level 5 in Charms
 30005 | D:14     | Killed Arphuebamu's ghost
 30079 | D:14     | Upgraded the game from 0.25-a0-890-g62861fb195 to
                  | 0.25-a0-930-g9f5dfa9815
 30273 | Spider:1 | Entered Level 1 of the Spider Nest
 30273 | Spider:1 | Noticed Azrael
 30286 | Spider:1 | Reached skill level 11 in Long Blades
 30290 | Spider:1 | Reached skill level 1 in Axes
 30292 | Spider:1 | Reached XP level 17. HP: 94/126 MP: 15/30
 30298 | Spider:1 | Killed Azrael
 30658 | Spider:1 | Got a crystal demon blade
 30662 | Spider:1 | Identified the cursed +1 demon blade of Duannidi {venom,
                  | *Rage rN+ Dex+4} (You found it on level 1 of the Spider
                  | Nest)
 31017 | Orc:2    | Bought a potion of curing for 42 gold pieces
 31017 | Orc:2    | Bought a potion of curing for 42 gold pieces
 31527 | Spider:2 | Reached skill level 10 in Shields
 31890 | Spider:2 | Found a runed translucent door.
 31890 | Spider:2 | Found a shimmering altar of Xom.
 31890 | Spider:2 | Noticed Muajuic's ghost (adept DsFi)
 32573 | Spider:3 | Reached skill level 5 in Ice Magic
 32917 | Spider:3 | Reached skill level 12 in Long Blades
 33969 | Spider:4 | Entered Level 4 of the Spider Nest
 34156 | Spider:4 | Reached skill level 10 in Spellcasting
 34764 | Spider:4 | Reached XP level 18. HP: 134/134 MP: 0/32
 35456 | Spider:4 | Reached skill level 10 in Fighting
 35671 | Spider:4 | Got a gossamer rune of Zot
 35755 | Spider:4 | Learned a level 3 spell: Conjure Flame
 35880 | Swamp:1  | Entered Level 1 of the Swamp
 36555 | Swamp:1  | Found a runed translucent door.
 36555 | Swamp:1  | Noticed Boczoxzokh's ghost (journeyman DDFi)
 36567 | Swamp:1  | Noticed Frances
 36587 | Swamp:1  | Killed Frances
 37877 | Swamp:3  | Reached skill level 10 in Poison Magic
 37881 | Swamp:3  | Noticed Nikola
 37890 | Swamp:3  | Reached skill level 13 in Long Blades
 38087 | Swamp:3  | Reached XP level 19. HP: 135/142 MP: 33/33
 38277 | Swamp:3  | Killed Nikola
 38949 | Swamp:4  | Entered Level 4 of the Swamp
 39663 | Swamp:4  | Identified the ring "Cebiz" {+Fly rF+ rN+ Str+4 Slay-2}
 40290 | Swamp:4  | HP: 1/143 [thorn hunter/volley of thorns (42)]
 40299 | Swamp:4  | Reached skill level 1 in Fire Magic
 40641 | Swamp:4  | Reached skill level 1 in Invocations
 40658 | Swamp:4  | Reached skill level 1 in Evocations
 40749 | Swamp:4  | Found a blossoming altar of Fedhas.
 40758 | Swamp:4  | Found a basalt altar of Yredelemnul.
 40812 | Swamp:4  | Learned a level 6 spell: Freezing Cloud
 40884 | Swamp:4  | Got a decaying rune of Zot
 41281 | Elf:1    | Entered Level 1 of the Elven Halls
 41492 | Elf:1    | Reached XP level 20. HP: 150/150 MP: 11/35
 42800 | Vaults:1 | Entered Level 1 of the Vaults
 44356 | Vaults:2 | Found a magical portal.
 44365 | WizLab   | Entered Cigotuvi's Fleshworks
 44767 | WizLab   | Got a sparkling lapis lazuli ring
 44799 | WizLab   | Reached skill level 14 in Long Blades
 44881 | WizLab   | Identified Cigotuvi's Incunabulum of Unholy Changing
 44884 | WizLab   | Identified the Guide on Transmigration
 44900 | WizLab   | Learned a level 5 spell: Irradiate
 45127 | WizLab   | HP: 3/151 [Cigotuvi's Monster (13)]
 45127 | WizLab   | Demolished by Cigotuvi's Monster

Levels and vault maps discovered:
D:1:      eino_arrival_cavern_e, layout_basic, supply_closet_lemuel,
          hangedman_decor_clover_reticule
D:2:      layout_rooms, minmay_fountain_box
D:3:      layout_loops_ring, first_ration, nrook_campfire
D:4:      minmay_chambers_of_threes, layout_loops_cross, lemuel_round_altar,
          minmay_temple_entry_from_below_a, nrook_loot_triangle,
          uniq_crazy_yiuf_cottage
D:5:      layout_gridville, basic_altar, minmay_curled_crystal,
          kennysheep_generic_room_3
D:6:      layout_loops_ring, portal_sewer_entry_b, grunt_tough_drop
D:7:      layout_rooms, lemuel_doored_altar, minitemple, uniq_prince_ribbit1
D:8:      layout_loops_cross, chequers_temple_overflow_statue_of_worship,
          uniq_psyche
D:9:      layout_basic
D:10:     layout_irregular_city, lair_entry_dummy, david_orc_3, uniq_grum
D:11:     minmay_complete_graph, layout_small_grid, minivault_16,
          hangedman_pestilent_swarm, hangedman_minor_magic, uniq_sonja
D:12:     layout_cave_pools, serial_shops, kennysheep_mini_moat, shop,
          nicolae_shop_trees, nicolae_shop_waterfront, nicolae_shop_crystal
D:13:     layout_irregular_city, minmay_holes, minmay_misc_feat_roman
D:14:     layout_stronghold, skrybe_vaults_entry_preservation,
          gammafunk_ghost_wrathful_warriors
D:15:     grunt_enter_depths_magical_seal, layout_stronghold, grunt_decor_cap,
          serial_shops, shop_statue, kb_rosetta, uniq_agnes
Temple:   regret_index_temple_waves
Lair:1:   layout_roguey, special_room [special_room_bee], basic_altar,
          serial_bayou_crossing
Lair:2:   layout_cave_pods, serial_bayou_shore_b, uniq_maggie
Lair:3:   layout_small_grid, nicolae_spider_entry_tight_spaces,
          beast_lair_carwin_7
Lair:4:   layout_cave_shapes, minmay_swamp_entry_swarm,
          ebering_ghost_reflecting_pool, minivault_23, uniq_josephine,
          uniq_nergalle
Lair:5:   slaughterhouse, layout_layer_cave, minmay_slime_entry_pillars,
          gammafunk_ghost_ooze, beast_lair_carwin_10, minmay_lair_oklob_chamber,
          uniq_urug
Lair:6:   cheibrodos_lair_end_hotspot, layout_regular_city
Swamp:1:  layout_falls_marsh, gammafunk_ghost_grave,
          nicolae_swamp_very_dense_foliage, infiniplex_staircase_pool,
          uniq_frances
Swamp:2:  layout_basic_swamp, evilmike_swamp_ruin_house_3, swamp_pool2
Swamp:3:  layout_basic_swamp, evilmike_swamp_ruin_rubble_2, uniq_nikola
Swamp:4:  byrel_swamp_growth_death_and_undeath, layout_basic_swamp
Spider:1: layout_spider_delve, uniq_azrael
Spider:2: layout_chambers, ebering_ghost_xom, hangedman_spider_tarantella_strand
Spider:3: layout_chambers, worms_lemuel
Spider:4: spider_rune_water
Orc:1:    layout_caves, abandoned_shop, mines2_lemuel
Orc:2:    grunt_orc_cross, layout_caves, nicolae_orc_rockfall, uniq_nessos
Elf:1:    eino_elf_arrival_customs, layout_loops_corners, minivault_28
Vaults:1: nicolae_vaults_network_barrier, grunt_vaults_bifocal,
          vaults_room_pools, nicolae_vaults_little_squares_3, v_misc_28,
          nicolae_vaults_big_angled_halls, vaults_room_pool, vaults_dpeg_ring,
          hangedman_vaults_slice, vaults_room_grid, layout_vaults_omnicross
Vaults:2: nicolae_vaults_three_branches, nicolae_vaults_border_crossing,
          v_pattern_5, v_misc_22, vaults_room_large_hall,
          vaults_room_grunt_arrival_ludios, v_misc_18,
          ontoclasm_vaults_ring_small, v_misc_15, v_alt_pattern_6, v_misc_19,
          layout_vaults_chaotic_city, mu_enter_wizlab_3
WizLab:   wizlab_cigotuvi

Skill      XL: |  1  2  3  4  5  6  7  8  9 10 11 12 13 14 15 16 17 18 19 20 |
---------------+-------------------------------------------------------------+-----
Armour         | 1 2 3 4 5 6 |  6.8
Fighting       | 1 2 3 4 5 6 7 8 9 10 11 | 11.4
Conjurations   | 4 5 |  5.9
Dodging        | 2 3 4 5 6 7 8 |  8.2
Spellcasting   | 3 4 5 6 7 8 9 10 11 12 | 12.2
Long Blades    | 1 2 3 4 5 6 7 9 11 12 13 14 | 14.0
Hexes          | 2 3 4 6 |  6.2
Shields        | 1 3 4 5 6 7 8 9 10 11 12 | 12.6
Throwing       | 1 2 3 4 |  4.1
Polearms       | 2 5 6 8 9 11 12 13 | 13.1
Translocations | 2 3 4 |  4.8
Summonings     | 1 3 4 5 6 7 8 |  8.2
Air Magic      | 1 2 3 4 5 6 7 |  7.5
Poison Magic   | 4 5 6 8 10 11 | 11.0
Charms         | 2 4 5 6 7 |  7.3
Ice Magic      | 2 4 5 6 7 |  7.1
Axes           | 1 3 |  3.7
Fire Magic     | 2 4 |  4.6
Invocations    | 1 3 |  3.0
Evocations     | 1 4 |  4.7
Short Blades   | |  0.8
Stealth        | |  2.4
Transmutations | |  0.3

Action                   |  1- 3 |  4- 6 |  7- 9 | 10-12 | 13-15 | 16-18 | 19-21 || total
-------------------------+-------+-------+-------+-------+-------+-------+-------++-------
Melee: Dagger            |    22 |    44 |       |       |       |       |       ||    66
       Long sword        |       |    12 |    71 |    10 |   207 |       |       ||   300
       Spear             |       |       |    37 |       |       |       |       ||    37
       Trident           |       |       |    53 |   570 |   379 |     5 |       ||  1007
       Scythe            |       |       |       |       |   121 |       |       ||   121
       Double sword      |       |       |       |       |   275 |   739 |   122 ||  1136
       Demon trident     |       |       |       |       |       |   357 |   807 ||  1164
Throw: Boomerang         |     5 |     2 |       |     2 |    18 |     9 |    77 ||   113
       Dart              |       |     4 |    42 |    73 |    98 |    74 |     6 ||   297
       Javelin           |       |       |       |     1 |       |       |       ||     1
 Cast: Magic Dart        |    21 |    39 |    22 |     6 |     2 |     6 |     3 ||    99
       Searing Ray       |     6 |    15 |    42 |    29 |    52 |    24 |    27 ||   195
       Apportation       |       |       |       |     3 |    11 |     2 |     5 ||    21
       Tukima's Dance    |       |       |       |     1 |     1 |       |       ||     2
       Poisonous Vapours |       |       |       |       |    58 |    24 |    14 ||    96
       Mephitic Cloud    |       |       |       |       |    10 |    22 |    20 ||    52
       Summon Lightning  |       |       |       |       |     9 |    20 |    26 ||    55
       Olgreb's Toxic Ra |       |       |       |       |     5 |    12 |     1 ||    18
       Song of Slaying   |       |       |       |       |     9 |    35 |    24 ||    68
       Ozocubu's Armour  |       |       |       |       |    16 |    44 |    52 ||   112
       Freezing Cloud    |       |       |       |       |       |       |     4 ||     4
       Dazzling Flash    |       |       |       |       |       |       |     1 ||     1
 Abil: Shaft Self        |       |       |     1 |     1 |       |       |       ||     2
Evoke: Lightning rod     |       |       |       |       |       |       |     2 ||     2
  Use: Scroll            |     1 |       |    13 |     5 |    23 |     6 |     3 ||    51
       Potion            |       |     4 |       |    11 |     3 |    16 |     3 ||    37
 Stab: Sleeping          |     1 |       |     2 |       |       |       |       ||     3
       Distracted        |       |       |       |     1 |     2 |     4 |    14 ||    21
       Confused          |       |       |       |       |     3 |    19 |    15 ||    37
       Invisible         |       |       |       |       |       |       |     1 ||     1
  Eat: Chunk             |     2 |     4 |    17 |    29 |    38 |    17 |    16 ||   123
       Ration            |       |     1 |     1 |       |       |     5 |     3 ||    10
Armor: Leather armour    |     3 |    12 |       |       |       |       |       ||    15
       Robe              |     1 |     3 |    36 |    83 |       |       |       ||   123
       Skin              |       |       |     2 |       |       |       |       ||     2
       Troll leather arm |       |       |       |    38 |   224 |   506 |   238 ||  1006
Dodge: Dodged            |    14 |    50 |   131 |   341 |   508 |   893 |   350 ||  2287
       Repelled          |       |       |       |    11 |    24 |    12 |    16 ||    63
Block: Buckler           |       |       |    51 |   333 |   730 |  1267 |   591 ||  2972
       Reflection        |       |       |       |       |       |    19 |    25 ||    44
       Other             |       |       |       |       |       |       |     7 ||     7
       Rpst.: Long sword |       |     3 |    16 |     2 |    54 |       |       ||    75
       Double sword      |       |       |       |       |    47 |   132 |    22 ||   201

Table legend:
 A = Non-vault XP
 B = Vault XP
 C = Vault XP percentage of total XP
 D = Non-vault monster count
 E = Vault monster count
 F = Vault count percentage of total count
                 A         B        C        D         E       F
            +---------+---------+-------+---------+---------+-------
      Total |  221291 |  186646 |  45.8 |     861 |     512 |  37.3
            +---------+---------+-------+---------+---------+-------
        D:1 |      25 |       0 |   0.0 |      13 |       0 |   0.0
        D:2 |      60 |       0 |   0.0 |       9 |       0 |   0.0
        D:3 |     134 |       0 |   0.0 |      30 |       0 |   0.0
        D:4 |     317 |     500 |  61.2 |      13 |       8 |  38.1
        D:5 |     530 |      90 |  14.5 |      21 |       1 |   4.5
        D:6 |    1383 |     269 |  16.3 |      17 |       9 |  34.6
        D:7 |     946 |     274 |  22.5 |      16 |       1 |   5.9
        D:8 |    2398 |     404 |  14.4 |      47 |       1 |   2.1
        D:9 |    2537 |       0 |   0.0 |      36 |       0 |   0.0
       D:10 |    4874 |    3394 |  41.0 |      32 |      10 |  23.8
       D:11 |    3909 |   11605 |  74.8 |      29 |      46 |  61.3
       D:12 |    3272 |       0 |   0.0 |      25 |       0 |   0.0
       D:13 |    5652 |       0 |   0.0 |      22 |       0 |   0.0
       D:14 |    2810 |   11085 |  79.8 |      15 |      21 |  58.3
       D:15 |   10895 |    8360 |  43.4 |      25 |      14 |  35.9
     Lair:1 |    3425 |    1482 |  30.2 |      17 |      20 |  54.1
     Lair:2 |    3535 |     370 |   9.5 |      15 |       1 |   6.2
     Lair:3 |    6896 |    4897 |  41.5 |      29 |      24 |  45.3
     Lair:4 |    4025 |    2324 |  36.6 |      15 |       4 |  21.1
     Lair:5 |    4100 |   13756 |  77.0 |      13 |      38 |  74.5
     Lair:6 |    7059 |    7751 |  52.3 |      31 |      28 |  47.5
    Swamp:1 |   10797 |    2448 |  18.5 |      32 |       1 |   3.0
    Swamp:2 |   14255 |       0 |   0.0 |      27 |       0 |   0.0
    Swamp:3 |   16342 |    4311 |  20.9 |      40 |       2 |   4.8
    Swamp:4 |   17973 |   28996 |  61.7 |      40 |      46 |  53.5
   Spider:1 |    8210 |    2629 |  24.3 |      31 |       9 |  22.5
   Spider:2 |   17336 |     210 |   1.2 |      62 |       1 |   1.6
   Spider:3 |   15075 |    3608 |  19.3 |      37 |      10 |  21.3
   Spider:4 |    7779 |   26181 |  77.1 |      17 |      43 |  71.7
      Orc:1 |    1892 |    1319 |  41.1 |      20 |       6 |  23.1
      Orc:2 |    1092 |    8153 |  88.2 |      10 |      33 |  76.7
      Elf:1 |   16805 |   10100 |  37.5 |      25 |      17 |  40.5
   Vaults:1 |   22480 |    8720 |  27.9 |      48 |      13 |  21.3
   Vaults:2 |    2473 |    3476 |  58.4 |       2 |       6 |  75.0
      Sewer |       0 |     359 | 100.0 |       0 |      48 | 100.0
     WizLab |       0 |   19575 | 100.0 |       0 |      51 | 100.0
            +---------+---------+-------+---------+---------+-------
